 Dungeon Crawl Stone Soup version 0.27-a0-920-gb2bd10914a (webtiles) character file.

Game seed: 12926791816708039909

42460 robertstho the Eclecticist (level 14, -5/87 HPs)
             Began as a Djinni Fire Elementalist on Apr 9, 2021.
             Was the Champion of Makhleb.
             Killed from afar by a gargoyle (20 damage)
             ... with a stone arrow
             ... in a volcano.
             The game lasted 00:34:34 (15459 turns).

robertstho the Eclecticist (DjFE)                  Turns: 15459, Time: 00:34:36

Health: -5/87      AC: 10    Str: 13    XL:     14   Next: 19%
Gold:   1112       EV: 15    Int: 27    God:    Makhleb [******] SH:  5 Dex: 11

rFire    + + +     SeeInvis .   P - +10 halberd of Exquisite Death {vorpal, +Blink Str+6 Dex-3}
rCold    . . .     Faith    .   (shield currently unavailable)
rNeg     . . .     Spirit   .   y - +2 robe of Vines {NoPotionHeal Regen+++}
rPois    ∞         Reflect  +   M - +0 helmet of Negligence {+Inv Int+5}
rElec    .         Harm     .   m - scarf {rC+ rF+}
rCorr    .         Rampage  .   f - +0 pair of gloves
Will     +....                  (boots unavailable)
Stlth    +++.......             K - amulet of reflection
HPRegen  3.24/turn              n - ring of wizardry
MPRegen  0.00/turn              o - +4 ring of protection

@: flying, studying Dodging
A: fire resistance 2, cold vulnerability 1, float, innate caster, hp casting,
extra vitality 1
a: Renounce Religion, Evoke Blink, Evoke Invisibility, Minor Destruction, Lesser
Servant of Makhleb, Major Destruction, Greater Servant of Makhleb


You were in a volcano.
You worshipped Makhleb.
Makhleb was exalted by your worship.
You visited 3 branches of the dungeon, and saw 16 of its levels.
You also visited: Volcano.

You collected 1112 gold pieces.

Inventory:

Hand Weapons
 p - a +4 dagger
 B - a +1 short sword of venom
 C - the +7 mace "Siqeahif" {venom, *Noise *Corrode rC+ Int+7}
   (You found it on level 7 of the Dungeon)

   It poisons the flesh of those it strikes.
   It affects your intelligence (+7).
   It protects you from cold.
   It may make noises in combat.
   It may corrode you when you take damage.
 P - the +10 halberd of Exquisite Death (weapon) {vorpal, +Blink Str+6 Dex-3}
   (You found it on level 10 of the Dungeon)

   It inflicts extra damage upon your enemies.
   It affects your strength (+6).
   It affects your dexterity (-3).
   It lets you blink.
Missiles
 q - 3 boomerangs of dispersal
 t - 9 curare-tipped darts
 L - 7 atropa-tipped darts
Armour
 c - a +1 animal skin
 f - a +0 pair of gloves (worn)
 m - a scarf of resistance (worn)
 w - +0 acid dragon scales
 y - the +2 robe of Vines (worn) {NoPotionHeal Regen+++}
   (You found it on level 6 of the Dungeon)

   It increases your rate of health regeneration.
 E - a +0 robe of fire resistance
 F - a scarf of invisibility
 M - the +0 helmet of Negligence (worn) {+Inv Int+5}
   (You found it on level 9 of the Dungeon)

   It affects your intelligence (+5).
   It lets you turn invisible.
Jewellery
 k - a ring of resist corrosion
 n - a ring of wizardry (left hand)
 o - a +4 ring of protection (right hand)
 G - a ring of positive energy
 J - a ring of willpower
 K - an amulet of reflection (around neck)
 Q - a +4 ring of slaying
 U - a ring of wizardry
 V - a +4 ring of evasion
Wands
 g - a wand of iceblast (26)
Scrolls
 a - a scroll of vulnerability
 d - 5 scrolls of enchant weapon
 D - a scroll of enchant armour
 N - 3 scrolls of immolation
 R - a scroll of teleportation
 S - a scroll of brand weapon
Potions
 b - a potion of ambrosia
 h - 5 potions of attraction {unknown}
 i - 3 potions of flight {unknown}
 j - 8 potions of curing {unknown}
 l - 2 potions of brilliance {unknown}
 r - a potion of berserk rage {unknown}
 s - 4 potions of haste {unknown}
 u - a potion of mutation {unknown}
 v - 2 potions of resistance {unknown}
 x - 3 potions of might {unknown}
 z - a potion of cancellation
 A - 4 potions of heal wounds
 H - a potion of lignification
Miscellaneous
 e - a phantom mirror
 O - a box of beasts
 T - a condenser vane


   Skills:
 + Level 3.1 Fighting
 + Level 3.4 Short Blades
 + Level 1.8 Polearms
 + Level 9.0 Dodging
 + Level 4.7 Stealth
 + Level 1.8 Shields
 * Level 16.5 Spellcasting
 * Level 8.6 Invocations


You had 13 spell levels left.
You knew the following spells:

 Your Spells              Type           Power      Damage    Failure   Level
a - Foxfire               Conj/Fire      100%       2x1d9     0%          1
b - Conjure Flame         Conj/Fire      84%        6-21      0%          3
c - Inner Flame           Hex/Fire       84%        N/A       0%          3
d - Sticky Flame          Conj/Fire      84%        2d10      1%          4
e - Fireball              Conj/Fire      42%        3d17      1%          5
f - Sandblast             Erth           100%       2d20      0%          1
g - Corpse Rot            Necr/Air       N/A        N/A       0%          2
h - Wereblood             Tmut           84%        N/A       0%          2
i - Dazzling Flash        Conj/Hex       100%       N/A       0%          3
j - Animate Armour        Summ/Erth      100%       N/A       1%          4
k - Borgnjor's Vile Clut  Necr/Erth      42%        N/A       1%          5
Your spell library was empty.

Dungeon Overview and Level Annotations

Branches:
Dungeon (11/15)            Temple (1/1) D:4            Lair (4/6) D:8
 Shoals (0/4) Lair:4       Spider (0/4) Lair:4          Orc (0/2) D:9
Volcano (1/1)

Altars:
Cheibriados
Dithmenos
Elyvilon
Fedhas
Gozag
Hepliaklqana
Kikubaaqudgha
Makhleb
Nemelex Xobeh
Okawaru
Qazlal
Ru
Vehumet
Wu Jian
Xom
Yredelemnul
Zin
The Shining One

Shops:
D:1 (   D:6 [

Annotations:
D:10 Lobster4's ghost, journeyman GnWn


Innate Abilities, Weirdness & Mutations

You are immune to poison.
Your flesh is very heat resistant. (rF++)
You are vulnerable to cold. (rC-)
You float through the air rather than walking.
You learn spells naturally, not from books.
Your magical power is your life essence.
You have superior vitality. (+4 HP)


Message History

Things that are here:
a +1 great mace of flaming; a +0 giant club of flaming The hell knight casts a spell.
The hell knight blinks!
You block the hell knight's attack.
The hell knight hits you from afar with a +0 halberd of flaming!!
The hell knight burns you.
The hell knight hits you from afar with a +0 halberd of flaming!!
Aiming: Iceblast
Press: ? - help, Shift-Dir - straight line, f/p - hell knight
Aim: a hell knight, wielding a +0 halberd of flaming and wearing a +0 chain mail of fire resistance (black smoke, heavily wounded, fast)
The mass of ice explodes!
The iceblast engulfs the hell knight.
The hell knight is heavily wounded.
The hell knight barely misses you.
Aiming: Iceblast
Press: ? - help, Shift-Dir - straight line, f/p - hell knight
Aim: a hell knight, wielding a +0 halberd of flaming and wearing a +0 chain mail of fire resistance (black smoke, heavily wounded, fast)
The mass of ice explodes!
The iceblast engulfs the hell knight!
The hell knight is severely wounded.
The hell knight casts a spell.
The hell knight blinks!
The hell knight hits you from afar with a +0 halberd of flaming!!
* * * LOW HITPOINT WARNING * * *
The hell knight burns you.
* * * LOW HITPOINT WARNING * * *
Aiming: Iceblast
Press: ? - help, Shift-Dir - straight line, f/p - hell knight
Aim: a hell knight, wielding a +0 halberd of flaming and wearing a +0 chain mail of fire resistance (severely wounded, fast)
The mass of ice explodes!
The iceblast engulfs the hell knight.
The hell knight is severely wounded.
The hell knight barely misses you.
Aiming: Iceblast
Press: ? - help, Shift-Dir - straight line, f/p - hell knight
Aim: a hell knight, wielding a +0 halberd of flaming and wearing a +0 chain mail of fire resistance (severely wounded, fast)
The mass of ice explodes!
The iceblast engulfs the hell knight!
The hell knight is almost dead.
You block the hell knight's attack.
The gargoyle hurls a stone arrow at you.
The stone arrow hits you!!
You die...

###############
##.............###
#####.p..............####
......§.@....§..........#
≈.......§§≈≈§≈.≈≈≈≈.≈.....
≈§≈...≈.9§§≈≈§§≈≈≈≈≈§.≈§§.
≈§≈≈.≈§≈§≈§§§≈≈≈≈≈≈≈≈§≈≈§.
≈≈§≈≈≈§§≈≈≈§§≈≈§≈≈≈≈§§§§§§
≈≈§≈≈§§≈≈9≈≈§§§§≈≈≈§≈§§§§§
§§§≈§≈§≈≈≈≈≈§≈≈§≈§≈≈≈≈§§§≈
§≈§≈§§§)≈≈≈≈≈≈≈§≈§≈≈≈≈≈§§§
§........)........§§≈≈≈≈≈≈


You could see a hell knight (fast) and a gargoyle.

Vanquished Creatures
  A dire elephant (Lair:2)
  6 hydras
  An ogre mage (Volcano)
  A death knight (D:11)
  8 two-headed ogres
  The ghost of Maken the Nimble, a novice GnWn of Gozag (D:10)
  The ghost of Zeld the Destroyer, a novice OpCj of Gozag (D:10)
  Sonja (Lair:1)
  The ghost of Drazool the Destroyer, a journeyman TeCj of Kikubaaqudgha (D:10)
  Pikel (D:9)
  14 elephants (Lair:2)
  An ice statue (D:11)
  Joseph (D:8)
  3 black mambas
  3 cane toads
  5 komodo dragons
  A rime drake (Lair:1)
  Maggie (D:6)
  5 ice devils (D:11)
  4 trolls
  2 hornets
  2 polar bears
  Prince Ribbit (D:8)
  11 blink frogs
  2 redbacks (Lair:4)
  A shadow (D:11)
  2 wraiths (D:11)
  A spriggan (Lair:2)
  33 yaks
  A wyvern (Lair:4)
  5 humans (D:9)
  4 basilisks
  A steam dragon (Lair:2)
  9 water moccasins
  An ice beast (D:8)
  7 orc warriors
  3 black bears
  A meliai simulacrum (D:11)
  A necrophage (D:7)
  A sky beast (D:6)
  2 ogres
  6 wolves (Lair:4)
  6 centaurs
  2 kobold brigands
  2 scorpions
  15 bullfrogs
  A water moccasin zombie (D:6)
  3 wights (D:8)
  7 killer bees
  5 lava snakes (Volcano)
  2 centaur zombies
  4 orc priests
  4 hounds
  A centaur skeleton (D:4)
  2 gnoll shamans
  Natasha (twice) (D:3)
  6 iguanas
  15 orc wizards
  8 hell rats
  3 hound skeletons
  A mummy (D:6)
  A howler monkey zombie (D:11)
  Robin (D:4)
  A howler monkey skeleton (D:7)
  10 gnolls
  3 adders
  4 river rats (Lair:1)
  A shadow imp (D:5)
  7 ufetubi (D:11)
  A worm (D:3)
  5 dart slugs
  47 orcs
  4 endoplasms
  3 giant cockroaches
  20 goblins
  14 hobgoblins
  18 jackals
  7 quokkas
  6 ball pythons
  6 bats
  2 frilled lizards
  A hobgoblin zombie (D:6)
  18 kobolds
  A kobold zombie (D:6)
  5 rats
432 creatures vanquished.

Vanquished Creatures (collateral kills)
  4 foxfires
4 creatures vanquished.

Vanquished Creatures (others)
  560 foxfires
  80 fungi
  61 plants
701 creatures vanquished.

Grand Total: 1137 creatures vanquished

Notes
Turn   | Place    | Note
-------+----------+-------------------------------------------
     0 | D:1      | robertstho the Djinni Fire Elementalist began the quest for
                  | the Orb.
     0 | D:1      | Reached XP level 1. HP: 15/15 MP: 0/0
    47 | D:1      | Found Daeqisom's Weapon Shoppe.
   311 | D:1      | Reached skill level 3 in Spellcasting
   311 | D:1      | Reached XP level 2. HP: 18/21 MP: 0/0
  1026 | D:2      | Reached XP level 3. HP: 23/25 MP: 0/0
  1026 | D:2      | Learned a level 1 spell: Sandblast
  1426 | D:2      | Found a faded altar of an unknown god.
  2074 | D:1      | Reached XP level 4. HP: 26/31 MP: 0/0
  2733 | D:3      | Found a snail-covered altar of Cheibriados.
  2733 | D:3      | Noticed Natasha
  2735 | D:3      | Found an iron altar of Okawaru.
  2738 | D:3      | Reached skill level 4 in Spellcasting
  2792 | D:3      | Killed Natasha
  3078 | D:3      | Noticed Natasha
  3086 | D:3      | Killed Natasha
  3087 | D:3      | Reached XP level 5. HP: 20/36 MP: 0/0
  3087 | D:3      | Learned a level 2 spell: Corpse Rot
  3329 | D:4      | Reached skill level 1 in Fighting
  3544 | D:4      | Reached XP level 6. HP: 10/42 MP: 0/0
  3557 | D:4      | Reached skill level 5 in Spellcasting
  3837 | D:4      | Found a staircase to the Ecumenical Temple.
  3898 | Temple   | Entered the Ecumenical Temple
  4041 | Temple   | Became a worshipper of Makhleb the Destroyer
  4449 | D:4      | Reached XP level 7. HP: 26/47 MP: 0/0
  4449 | D:4      | Learned a level 2 spell: Wereblood
  4747 | D:4      | Reached * piety under Makhleb
  4748 | D:4      | Reached skill level 1 in Invocations
  4921 | D:4      | Noticed Robin
  4940 | D:4      | Killed Robin
  5076 | D:5      | Entered Level 5 of the Dungeon
  5088 | D:5      | Reached skill level 6 in Spellcasting
  5269 | D:5      | Found a sparkling altar of Nemelex Xobeh.
  5442 | D:5      | Reached ** piety under Makhleb
  5443 | D:5      | Reached XP level 8. HP: 49/52 MP: 0/0
  5460 | D:5      | Reached skill level 7 in Spellcasting
  6081 | D:6      | Identified a scroll of acquirement
  6088 | D:6      | Acquired a manual of Dodging
  6146 | D:6      | Found Ceawoq's Armour Shoppe.
  6260 | D:6      | Found the +2 robe of Vines {NoPotionHeal Regen+++}
  6653 | D:6      | Reached skill level 8 in Spellcasting
  6654 | D:6      | Noticed Maggie
  6668 | D:6      | Killed Maggie
  6967 | D:6      | Reached XP level 9. HP: 58/58 MP: 0/0
  6967 | D:6      | Learned a level 3 spell: Dazzling Flash
  7347 | D:7      | Found a shimmering altar of Xom.
  7350 | D:7      | Noticed an angel
  7352 | D:7      | Found a glowing silver altar of Zin.
  7399 | D:7      | Reached skill level 1 in Short Blades
  7410 | D:7      | Reached skill level 5 in Dodging
  7413 | D:7      | Reached skill level 9 in Spellcasting
  7459 | D:7      | Reached *** piety under Makhleb
  7495 | D:7      | Found an opulent altar of Gozag.
  7524 | D:7      | Identified the +7 mace "Siqeahif" {venom, *Noise *Corrode
                  | rC+ Int+7}
  7998 | D:7      | Found a glowing golden altar of the Shining One.
  8069 | D:8      | Noticed a troll
  8072 | D:8      | Noticed a two-headed ogre
  8074 | D:8      | Killed a troll
  8082 | D:7      | Killed a two-headed ogre
  8083 | D:7      | Reached XP level 10. HP: 64/64 MP: 0/0
  8196 | D:8      | Found a staircase to the Lair.
  8244 | D:8      | Reached skill level 10 in Spellcasting
  8280 | D:8      | Noticed Joseph
  8495 | D:8      | Killed Joseph
  8710 | D:8      | Noticed Prince Ribbit
  8716 | D:8      | Killed Prince Ribbit
  9094 | D:9      | Noticed a two-headed ogre
  9099 | D:9      | Killed a two-headed ogre
  9100 | D:9      | Reached skill level 5 in Invocations
  9196 | D:9      | Reached skill level 11 in Spellcasting
  9342 | D:9      | Noticed Pikel
  9351 | D:9      | Killed Pikel
  9352 | D:9      | Reached XP level 11. HP: 69/69 MP: 0/0
  9352 | D:9      | Learned a level 4 spell: Animate Armour
  9466 | D:9      | Reached **** piety under Makhleb
  9470 | D:9      | Noticed a two-headed ogre
  9475 | D:9      | Killed a two-headed ogre
  9489 | D:9      | Found a staircase to the Orcish Mines.
  9667 | D:9      | Reached skill level 12 in Spellcasting
  9911 | D:9      | Identified the +0 helmet of Negligence {+Inv Int+5}
  9947 | D:9      | Found a blossoming altar of Fedhas.
  9996 | D:10     | Entered Level 10 of the Dungeon
 10149 | D:10     | Noticed a two-headed ogre
 10152 | D:10     | Killed a two-headed ogre
 10340 | D:10     | Found a runed translucent gate.
 10341 | D:10     | Found a runed translucent gate.
 10341 | D:10     | Found a runed translucent gate.
 10342 | D:10     | Noticed Lobster4's ghost (journeyman GnWn)
 10342 | D:10     | Noticed Maken's ghost (novice GnWn)
 10343 | D:10     | Noticed Zeld's ghost (novice OpCj)
 10343 | D:10     | Noticed Drazool's ghost (journeyman TeCj)
 10359 | D:10     | Noticed a two-headed ogre
 10363 | D:10     | Killed a two-headed ogre
 10950 | D:10     | Killed Drazool's ghost
 10951 | D:10     | Reached skill level 13 in Spellcasting
 10953 | D:10     | Killed Maken's ghost
 10954 | D:10     | Reached XP level 12. HP: 51/76 MP: 0/0
 10956 | D:10     | Killed Zeld's ghost
 11224 | D:10     | Identified the +10 halberd of Exquisite Death {vorpal,
                  | +Blink Str+6 Dex-3}
 11259 | D:11     | Noticed a six-headed hydra
 11262 | D:11     | Killed a six-headed hydra
 11401 | D:11     | Reached ***** piety under Makhleb
 11658 | D:11     | Reached skill level 14 in Spellcasting
 11878 | D:11     | Noticed a death knight
 11883 | D:11     | Killed a death knight
 12291 | Lair:1   | Entered Level 1 of the Lair of Beasts
 12348 | Lair:1   | Noticed Sonja
 12351 | Lair:1   | Killed Sonja
 12416 | Lair:1   | Noticed a six-headed hydra
 12420 | Lair:1   | Killed a six-headed hydra
 12657 | Lair:1   | Reached XP level 13. HP: 80/80 MP: 0/0
 12657 | Lair:1   | Learned a level 5 spell: Borgnjor's Vile Clutch
 13153 | Lair:2   | Reached skill level 15 in Spellcasting
 13300 | Lair:2   | Noticed a dire elephant
 13337 | Lair:2   | Killed a dire elephant
 13343 | Lair:2   | Found a basalt altar of Yredelemnul.
 13645 | Lair:2   | Reached skill level 1 in Shields
 13974 | Lair:3   | Reached ****** piety under Makhleb
 14129 | Lair:3   | Reached skill level 16 in Spellcasting
 15062 | Lair:4   | Found a staircase to the Shoals.
 15186 | Lair:4   | Reached skill level 1 in Polearms
 15187 | Lair:4   | Reached XP level 14. HP: 87/87 MP: 0/0
 15260 | Lair:4   | Found a dark tunnel.
 15268 | Volcano  | Entered a volcano
 15361 | Volcano  | Found a burning altar of Makhleb.
 15459 | Volcano  | Killed from afar by a gargoyle

Illustrated notes

Levels and vault maps discovered:
D:1:      psy_arrival_terrarium, layout_rooms, serial_shops,
          nicolae_shop_waterfront
D:2:      layout_loops_cross, ebering_ecumenical_altar_abandoned
D:3:      layout_rooms, jmf_multi_god_temple, uniq_natasha
D:4:      kennysheep_goblin_castle, layout_rooms,
          minmay_temple_entry_glassed_door, serial_bayou_pond_c,
          chequers_serial_rivers_micro_a
D:5:      layout_rooms, kennysheep_mini_moat, chequers_big_river,
          chequers_serial_rivers_micro_e
D:6:      corexii_shack_village, layout_layer_cave, kiku_gazebo_pond_becter,
          nicolae_ossuary_entry_giza, serial_shops, shop, uniq_maggie
D:7:      layout_loops_corners, grunt_temple_overflow_order_and_chaos_1,
          kennysheep_mini, tso_altar
D:8:      layout_cave_pods, lair_entry_dummy, fountainhead, uniq_joseph,
          uniq_prince_ribbit1
D:9:      layout_loops_ring, amethyst_overflow_temple_binary, erik_orc_3,
          st_stairs_10, minmay_ruffians, uniq_pikel
D:10:     layout_loops_ring, gammafunk_ghost_cemetery
D:11:     cheibrodos_frozen_isle, layout_basic
Temple:   minmay_temple_forest_path
Lair:1:   layout_small_grid, kennysheep_abandoned_house, uniq_sonja
Lair:2:   mu_elephants_graveyard, layout_regular_city, basic_altar
Lair:3:   layout_cave_pods, minmay_holes, gammafunk_lair_bear_cave, uniq_urug
Lair:4:   layout_regular_city, minmay_shoals_entry_centaurs,
          spider_nest_entry_webs, enter_volcano_2, st_stairs_8,
          chequers_serial_rivers_room_b, serial_bayou_pond_c
Volcano:  volcano_lake [vl_original]

Skill      XL: |  1  2  3  4  5  6  7  8  9 10 11 12 13 14 |
---------------+-------------------------------------------+-----
Spellcasting   | 3 4 5 6 8 9 11 13 14 16 | 16.5
Dodging        | 3 4 6 7 8 9 |  9.0
Fighting       | 1 2 3 |  3.1
Stealth        | 2 3 4 |  4.7
Invocations    | 1 2 4 5 6 7 8 |  8.6
Short Blades   | 2 3 |  3.4
Shields        | 1 |  1.8
Polearms       | 1 |  1.8

Action                   |  1- 3 |  4- 6 |  7- 9 | 10-12 | 13-15 || total
-------------------------+-------+-------+-------+-------+-------++-------
Melee: Dagger            |    11 |     6 |    54 |       |       ||    71
       Spear             |     2 |       |       |       |       ||     2
       Short sword       |       |       |    14 |     8 |       ||    22
       Halberd           |       |       |       |     1 |    49 ||    50
 Cast: Foxfire           |    74 |   126 |   130 |       |       ||   330
       Sticky Flame      |       |     3 |    18 |    22 |    31 ||    74
       Fireball          |       |       |    26 |   203 |   122 ||   351
       Dazzling Flash    |       |       |       |       |     6 ||     6
Evoke: Wand              |       |       |       |       |     4 ||     4
  Use: Scroll            |       |     9 |     5 |     4 |     6 ||    24
 Stab: Sleeping          |       |       |     3 |     1 |     2 ||     6
Armor: Robe              |     5 |    12 |    25 |     6 |    45 ||    93
       Animal skin       |       |       |    14 |       |       ||    14
Dodge: Dodged            |    32 |    37 |    83 |    16 |   102 ||   270
Block: Other             |       |       |       |       |    35 ||    35
       Reflection        |       |       |       |       |     3 ||     3

Table legend: (Time is in decaauts)
 A = Elapsed time spent in this place.
 B = Non-inter-level travel time spent in this place.
 C = Inter-level travel time spent in this place.
 D = Time resting spent in this place.
 E = Time spent auto-exploring this place.
 F = Levels seen in this place.
 G = Mean time per level.
                   A        B        C        D        E       F      G
               +--------+--------+--------+--------+--------+-----+--------+
         Total |  15492 |  14489 |   1003 |   1275 |  10795 |  17 |  911.3 |
       Dungeon |  12128 |  11498 |    630 |   1259 |   8465 |  11 | 1102.5 |
        Temple |    169 |    143 |     26 |      0 |    138 |   1 |  169.0 |
          Lair |   2992 |   2646 |    346 |      8 |   2117 |   4 |  748.0 |
       Volcano |    201 |    201 |      0 |      8 |     75 |   1 |  201.0 |
               +--------+--------+--------+--------+--------+-----+--------+

Top non-repeatable levels by time:
     D:4: 1670 daAuts
     D:6: 1376 daAuts
     D:2: 1354 daAuts
    D:10: 1192 daAuts
  Lair:3: 1191 daAuts
     D:7: 1169 daAuts
     D:3: 1078 daAuts
     D:9: 1063 daAuts
    D:11: 946 daAuts
  Lair:1: 891 daAuts
     D:1: 877 daAuts
  Lair:2: 796 daAuts
     D:8: 772 daAuts
     D:5: 627 daAuts
 Volcano: 201 daAuts
